Map: GSL 여명

Players

Ryung

  • Race: Terran Terran
  • League: Master
  • Spawn Location: 1:00

losira - Winner!

  • Race: Zerg Zerg
  • Spawn Location: 7:00

VOD

Have the link to the VOD?

Description

Time

  • Played on: Nov. 26, 2016, 5:12 a.m.
  • Length: 25:41
Show
View Real Time Build Order
Export as new Build Order

Ryung Terran 

Build Orders: Reaper Expand, MMM Bio 

Get SALT Encoding   

  12  0:00  SCV  
  13  0:13  SCV  
  14  0:17  Supply Depot  
  14  0:25  SCV  
  15  0:39  SCV  
  15  0:40  Barracks  
  16  0:44  Refinery  
  16  0:51  SCV  
  17  1:03  SCV  
  18  1:15  SCV  
  19  1:27  Reaper  
  19  1:28  Orbital Command  
  20  1:40  Command Center  
  20  1:51  Barracks  
  20  1:54  SCV  
  21  1:59  Barracks Reactor  
  21  2:06  SCV  
  22  2:11  Supply Depot  
  22  2:18  SCV  
  23  2:25  Factory  
  23  2:26  Refinery  
  23  2:32  SCV  
  23  2:35  Marine x2  
  26  2:40  Barracks Tech Lab  
  26  2:44  SCV  
  27  2:53  Orbital Command, Marine x2  
  27  2:57  SCV  
  30  3:02  Stimpack  
  30  3:04  Marine  
  31  3:09  SCV  
  31  3:12  Marine x2  
  34  3:20  SCV  
  34  3:21  SCV  
  36  3:27  Starport  
  36  3:28  Factory Reactor  
  36  3:29  Marine  
  36  3:32  SCV  
  36  3:33  SCV  
  39  3:34  Marine  
  39  3:36  Marine  
  41  3:45  Supply Depot  
  41  3:47  SCV x2, Marine  
  44  3:52  Marine  
  44  3:54  Marine  
  44  4:05  SCV, Marine  
  44  4:07  SCV  
  44  4:09  Supply Depot  
  47  4:11  Supply Depot  
  47  4:15  Supply Depot  
  47  4:17  Medivac x2  
  49  4:19  Marine x2  
  49  4:21  SCV  
  54  4:30  Marine  
  54  4:31  SCV  
  56  4:33  Engineering Bay  
  56  4:35  SCV  
  56  4:37  Marine x2  
  59  4:38  Engineering Bay  
  59  4:43  SCV  
  60  4:48  Refinery, Marine  
  60  4:50  Medivac, Widow Mine  
  60  4:51  Supply Depot  
  65  4:55  Marine x2  
  65  4:57  SCV x2  
  69  5:04  Terran Infantry Weapons Level 1  
  69  5:09  Supply Depot  
  69  5:11  Terran Infantry Armor Level 1  
  69  5:15  Marine  
  69  5:16  Marine  
  69  5:17  Marine  
  69  5:20  SCV x2  
  74  5:34  Command Center  
  74  5:35  Marine x3  
  76  5:41  Factory Reactor, Combat Shields  
  76  5:43  SCV  
  76  5:44  SCV  
  76  5:48  Barracks  
  78  5:52  Supply Depot  
  78  5:55  SCV  
  78  5:56  SCV  
  80  6:07  SCV  
  80  6:08  SCV  
  80  6:10  Marine x3  
  85  6:19  SCV  
  85  6:20  Medivac x2, SCV  
  85  6:22  Barracks  
  85  6:24  Barracks  
  91  6:31  Factory Reactor, SCV  
  92  6:33  SCV  
  92  6:34  Armory, Marine  
  92  6:39  Refinery  
  94  6:45  Marine  
  94  6:46  Orbital Command  
  95  6:51  Marine x3  
  95  6:52  Medivac  
  100  6:55  Marine  
  100  6:57  Medivac, SCV  
  100  6:58  SCV  
  105  7:03  Marine  
  106  7:14  Widow Mine  
  108  7:22  Widow Mine, Terran Infantry Armor Level 2, Supply Depot x2, Terran Infantry Weapons Level 2  
  108  7:24  Marine x3  
  108  7:27  Barracks Reactor  
  108  7:29  SCV x2  
  115  7:35  Orbital Command  
  115  7:37  Marine x2  
  115  7:39  Supply Depot x2  
  115  7:40  Supply Depot  
  115  7:43  SCV x2  
  119  7:56  Refinery  
  112  7:58  Marine x4  
  112  7:59  Barracks Reactor  
  112  8:01  Medivac, Widow Mine x2  
  112  8:02  Medivac  
  112  8:05  SCV x3  
  124  8:21  Marine x6  
  124  8:22  Marauder, SCV x2  
  124  8:23  SCV  
  121  8:27  Barracks x2  
  121  8:28  Barracks  
  121  8:31  Missile Turret  
  119  8:44  Marine x8  
  119  8:45  Marauder  
  119  8:46  Widow Mine x2  
  133  8:50  SCV x3  
  133  8:51  Missile Turret  
  136  8:56  Supply Depot  
  136  8:57  Medivac x2, Supply Depot  
  140  9:16  Barracks Tech Lab, Marine x6  
  140  9:17  Barracks Reactor, Marine, Barracks Tech Lab  
  146  9:18  Marauder, Marine  
  146  9:21  Widow Mine  
  146  9:22  Widow Mine  
  154  9:27  Medivac x2, Bunker  
  158  9:35  Marine x4  
  158  9:36  Marine x2  
  158  9:37  Marauder  
  159  9:41  Terran Infantry Weapons Level 3  
  159  9:42  Marine x3  
  159  9:43  Marauder  
  153  9:50  Widow Mine x2  
  157  9:59  Marauder, Marine x8  
  167  10:05  Command Center  
  167  10:13  Marine x4  
  171  10:20  Marauder  
  168  10:24  Widow Mine, Marine x4  
  168  10:25  Medivac, Widow Mine  
  172  10:34  Unknown x4  
  172  10:38  Terran Infantry Armor Level 3  
  172  10:39  Marine  
  172  10:42  Marine x2  
  173  10:43  Marine  
  173  10:45  Medivac, Marauder  
  173  10:46  Marauder x2  
  166  10:53  Widow Mine x2  
  166  10:54  Marine x3  
  166  10:55  Marine  
  173  10:59  Marine x2  
  173  11:02  Marine x4  
  179  11:07  Marauder  
  179  11:08  Marauder  
  179  11:09  Marauder  
  175  11:12  Marine x3  
  175  11:13  Marine  
  175  11:18  Marine x2  
  145  11:19  Marine x4  
  145  11:20  Medivac  
  145  11:21  Medivac  
  145  11:22  Widow Mine x2  
  137  11:28  Marine  
  137  11:29  Marine  
  137  11:30  Marine x4  
  137  11:31  Marine  
  131  11:35  Marine x2  
  131  11:37  Marine x3  
  129  11:41  Marine  
  129  11:45  Marine  
  121  11:47  Marine  
  121  11:48  Marine x5  
  121  11:50  Widow Mine x2  
  121  11:53  Marine x2  
  123  11:55  Marine x3  
  123  11:59  Marine  
  127  12:03  Marine  
  127  12:05  Marine  
  127  12:06  Marine x4  
  127  12:08  Marine  
  134  12:11  Marine x2  
  134  12:13  Marine  
  134  12:14  SCV x2  
  140  12:15  SCV  
  140  12:17  Marine x2  
  140  12:20  Marine  
  143  12:35  Widow Mine  
  143  12:36  Widow Mine  
  147  12:37  Medivac x2, Marine x2  
  147  12:38  Marine x2  
  147  12:39  Marine x4  
  159  12:45  Marine x2  
  159  12:48  Marine  
  159  12:49  Marine x2  
  159  12:51  Planetary Fortress  
  153  12:55  Marine x4  
  153  12:57  Marine x4  
  130  13:03  Marine x2  
  130  13:04  Widow Mine x2  
  136  13:06  Marine x3  
  136  13:07  Medivac, SCV x3  
  136  13:10  Medivac  
  136  13:12  Concussive Shells  
  146  13:19  SCV  
  147  13:25  Marauder x2  
  151  13:27  Marine x2  
  151  13:28  Marauder, Marine x8  
  163  13:34  Widow Mine x2  
  167  13:45  Marine x2  
  167  13:46  Marauder x2  
  167  13:47  Medivac x2  
  177  13:53  Marine x2  
  177  13:54  Marine x3  
  177  13:55  Marauder, Marine  
  180  14:01  SCV x3  
  184  14:02  Widow Mine  
  184  14:03  Widow Mine  
  184  14:04  Missile Turret  
  184  14:07  Marauder  
  190  14:28  Marine x6  
  188  14:31  Widow Mine x2  
  188  14:32  Marine x4  
  196  14:39  Marine  
  196  14:40  Marine  
  196  14:48  Marine x2  
  196  15:10  Supply Depot  
  196  15:14  Sensor Tower  
  196  15:20  Liberator  
  196  15:22  Liberator  
  196  15:26  Starport, Ghost Academy  
  196  15:30  Barracks Tech Lab  
  196  15:31  Marauder, Marine x2  
  200  15:36  Marine x2  
  200  15:37  Marine  
  200  15:38  Marauder  
  199  15:43  Marine  
  199  15:47  Marine x2  
  198  15:50  Marine x2  
  198  15:53  Marine x4  
  168  15:57  Marine x2  
  168  15:58  Widow Mine x2, Marine  
  168  16:01  Marine  
  171  16:11  Marauder x2  
  173  16:18  Marauder, Marine x6  
  175  16:20  Refinery  
  175  16:21  Refinery  
  181  16:26  Widow Mine x2, Refinery, Marine x2  
  181  16:28  Marine  
  181  16:32  Marine  
  182  16:33  Liberator, Marine  
  182  16:36  Marine x3  
  186  16:43  Unknown x2  
  186  16:52  Unknown x2  
  189  16:55  Widow Mine  
  189  17:01  Marine x4  
  191  17:03  Liberator, Marine x2  
  191  17:04  Marauder x2, Marine  
  200  17:15  SCV  
  200  17:20  Command Center  
  200  17:21  Command Center  
  183  17:23  SCV x2  
  183  17:27  SCV  
  179  17:33  Liberator  
  179  17:35  SCV x2  
  179  17:40  SCV  
  179  17:41  Unknown x2  
  180  17:47  SCV x2  
  180  17:48  Marine x2  
  183  17:57  Liberator  
  174  18:01  Missile Turret  
  172  18:18  Terran Ship Weapons Level 1  
  175  18:21  Marauder x3, Marine x4  
  175  18:22  Widow Mine  
  187  18:27  Supply Depot  
  187  18:32  Refinery  
  187  18:35  Liberator  
  186  18:41  Marine x2  
  186  18:46  Unknown  
  153  18:50  Marauder, Marine  
  153  18:51  Marauder x3, Marine x4  
  153  18:52  Marine  
  161  18:57  Widow Mine  
  161  18:58  Widow Mine  
  161  18:59  Marine  
  155  19:19  Marauder x3, Marine x4  
  165  19:30  Marine x2  
  161  19:33  Sensor Tower  
  161  19:36  Marine x2  
  127  19:53  Medivac, Marauder  
  127  19:54  Medivac, Marauder x2  
  131  20:00  Marine x4  
  131  20:02  Widow Mine  
  121  20:12  Marauder  
  120  20:21  Medivac x2  
  122  20:25  Marauder  
  122  20:28  Widow Mine  
  128  20:32  Medivac, Widow Mine  
  128  20:35  Unknown x2  
  132  20:37  Marine x2  
  132  20:38  Unknown  
  130  20:48  Marauder x2  
  132  20:56  Marauder x2, Marine  
  137  21:00  Widow Mine  
  137  21:01  Widow Mine  
  141  21:04  Marine x4  
  141  21:09  Marauder x2  
  141  21:10  Marine x2  
  147  21:17  Marauder  
  149  21:21  Medivac x2  
  149  21:25  Marauder, Marine x6  
  161  21:27  Marine  
  161  21:28  Widow Mine, Marine  
  161  21:30  Marauder  
  164  21:50  Marauder x3, Marine x4  
  164  21:51  Marine x2  
  176  21:55  Marine x3  
  176  22:02  Unknown  
  176  22:06  SCV x3  
  176  22:07  Liberator x2  
  176  22:08  Marine x4  
  183  22:09  Marine x2  
  183  22:11  Marine  
  186  22:22  Widow Mine x2  
  196  22:42  Missile Turret x2  
  196  22:43  Planetary Fortress  
  196  22:44  Missile Turret  
  196  22:56  Marine x4  
  198  23:11  Marine x2  
  190  23:15  Marauder x3, Marine x2  
  190  23:18  Marauder  
  187  23:32  Marine x4  
  187  23:34  Marine  
  171  23:35  Marine  
  171  23:36  Marauder  
  171  23:37  Marauder  
  176  23:47  Factory Reactor  
  168  23:58  Marine x4  
  168  24:00  Marine x2  
  157  24:07  Marauder, Marine  
  157  24:08  Marauder x2  
  147  24:16  Marine x4  
  147  24:17  Marine x2  
  147  24:25  Marine  
  147  24:29  Marauder x2  
  147  24:31  Marauder  
  142  24:34  Marine  
  138  24:44  Marauder  
  138  24:45  Marine x4  
  115  24:46  Marine  
  115  24:50  Marauder x2  
  115  24:51  Marine  
  115  24:52  Marine  
  124  25:03  Marine x5  
  129  25:10  Marine x2  
  131  25:15  Marine x3  
  131  25:21  Marine x4  
Show
View Real Time Build Order
Export as new Build Order

losira Zerg - Winner!

Build Orders: Hatch First, Muta Ling Bane 

Get SALT Encoding   

  12  0:01  Drone  
  13  0:13  Overlord  
  13  0:18  Drone  
  14  0:31  Drone x2  
  14  0:35  Drone  
  17  0:52  Hatchery  
  17  0:55  Drone  
  17  0:58  Drone  
  18  1:05  Extractor  
  18  1:07  Drone  
  18  1:17  Spawning Pool  
  17  1:20  Drone  
  18  1:28  Drone  
  19  1:39  Overlord  
  19  1:50  Drone  
  20  2:03  Queen  
  20  2:04  Queen  
  20  2:06  Metabolic Boost  
  20  2:08  Zergling x4  
  26  2:16  Drone  
  26  2:18  Drone  
  28  2:23  Drone  
  28  2:25  Drone  
  30  2:32  Extractor  
  30  2:33  Drone  
  30  2:42  Drone  
  32  2:45  Drone  
  32  2:48  Overlord  
  33  2:57  Hatchery  
  32  3:04  Drone  
  35  3:09  Zergling x4  
  35  3:10  Zergling x2  
  35  3:14  Zergling x6  
  35  3:16  Zergling x2  
  35  3:18  Queen  
  41  3:28  Overlord  
  41  3:33  Drone x2  
  43  3:36  Overlord  
  43  3:46  Drone  
  43  3:47  Drone x2  
  43  3:48  Drone x2  
  48  3:49  Drone  
  48  3:50  Drone  
  48  3:54  Queen  
  48  3:55  Drone x2  
  53  3:56  Drone  
  53  3:58  Drone  
  52  4:09  Queen  
  53  4:10  Drone  
  53  4:11  Drone  
  53  4:12  Queen  
  53  4:15  Drone  
  53  4:16  Drone  
  58  4:22  Drone x4  
  62  4:25  Overlord  
  62  4:28  Zergling x2  
  62  4:30  Zergling x4  
  65  4:35  Overlord  
  65  4:43  Overlord  
  65  4:44  Zergling x2  
  65  4:45  Zergling x6  
  69  4:48  Zergling x2  
  69  4:51  Evolution Chamber, Drone x2  
  69  4:52  Queen  
  73  4:53  Evolution Chamber  
  73  4:57  Queen  
  73  4:59  Zergling x2, Drone  
  76  5:02  Zergling x4  
  76  5:03  Zergling x2  
  76  5:06  Drone x2  
  76  5:07  Drone, Extractor  
  80  5:13  Overlord  
  81  5:14  Zergling x2  
  81  5:15  Zergling x2  
  81  5:19  Zergling x2  
  84  5:23  Lair  
  84  5:24  Zerg Ground Armor Level 1  
  84  5:28  Drone  
  84  5:29  Drone x3  
  84  5:32  Zergling x2  
  84  5:33  Zergling x10  
  87  5:37  Queen  
  87  5:40  Extractor, Drone x2  
  87  5:42  Zerg Melee Weapons Level 1  
  90  5:43  Drone x2  
  90  5:49  Zergling x2  
  93  5:55  Drone x2  
  93  5:56  Spore Crawler, Hatchery  
  93  5:57  Drone  
  93  5:58  Drone x2  
  93  6:02  Zergling x2  
  97  6:05  Extractor  
  97  6:08  Zergling x2  
  94  6:11  Zergling x2  
  94  6:14  Zergling x2  
  95  6:18  Zergling x2  
  95  6:19  Zergling x2  
  95  6:21  Overlord x2  
  95  6:22  Overlord  
  97  6:27  Spire  
  97  6:29  Drone  
  97  6:30  Overlord, Extractor  
  96  6:33  Extractor  
  96  6:37  Overseer  
  95  6:41  Zergling x14  
  95  6:43  Zergling x4  
  95  6:45  Zergling x2  
  105  6:50  Drone x3  
  105  6:51  Drone  
  109  6:55  Drone x3  
  109  6:56  Zergling x2  
  109  7:00  Overlord  
  113  7:01  Zergling x2  
  114  7:08  Overlord  
  114  7:14  Drone  
  115  7:16  Baneling Nest, Drone x3  
  115  7:19  Zerg Ground Armor Level 2  
  115  7:20  Drone  
  115  7:22  Zergling x2  
  119  7:23  Zergling x14  
  119  7:28  Zergling x8  
  119  7:29  Hatchery  
  129  7:30  Zergling x4  
  129  7:35  Overlord  
  130  7:41  Overlord  
  130  7:42  Zerg Melee Weapons Level 2  
  130  7:43  Zerg Flyer Armor Level 1  
  130  7:46  Mutalisk x4  
  130  7:50  Mutalisk  
  134  7:56  Mutalisk  
  125  8:04  Mutalisk  
  127  8:06  Drone x3  
  127  8:07  Drone x7  
  135  8:13  Zergling x2, Mutalisk  
  135  8:19  Mutalisk  
  133  8:21  Zergling x2  
  133  8:23  Zergling x4  
  133  8:24  Zergling x14  
  133  8:26  Zergling x2  
  137  8:31  Zergling x2  
  137  8:32  Hatchery  
  137  8:37  Centrifical Hooks  
  137  8:40  Mutalisk  
  139  8:46  Zergling x16  
  147  8:52  Overlord  
  147  8:55  Zergling x10  
  149  9:02  Overlord  
  152  9:05  Mutalisk  
  152  9:06  Mutalisk x2  
  157  9:13  Baneling x10  
  157  9:22  Mutalisk  
  159  9:25  Drone x4  
  159  9:26  Drone x6  
  159  9:29  Overlord  
  159  9:30  Zergling x4  
  168  9:40  Zergling x2  
  168  9:41  Zergling x16  
  176  9:45  Zergling x4  
  176  9:46  Zergling x2  
  178  9:53  Overlord  
  178  9:54  Zergling x14  
  178  9:58  Zergling x8  
  178  9:59  Pneumatized Carapace  
  189  10:01  Baneling  
  189  10:02  Baneling x4  
  189  10:05  Baneling x7  
  189  10:06  Baneling x14  
  187  10:10  Zergling x8  
  187  10:11  Zergling x2  
  187  10:12  Zergling x2  
  185  10:26  Zergling x26  
  185  10:27  Zergling x8  
  185  10:28  Baneling x5  
  184  10:29  Baneling  
  184  10:38  Zergling x2  
  184  10:39  Zergling x8  
  188  10:47  Zergling x2  
  188  10:48  Zergling x16, Hatchery  
  195  10:54  Baneling x9  
  195  10:55  Zergling x6  
  197  11:02  Zergling x2  
  197  11:04  Overlord  
  176  11:13  Mutalisk x5  
  155  11:19  Zergling x8  
  155  11:20  Zergling x14  
  155  11:22  Zergling x8  
  155  11:25  Zergling x4  
  159  11:26  Mutalisk  
  156  11:33  Mutalisk  
  156  11:36  Zergling x6  
  158  11:41  Zergling x2  
  158  11:43  Mutalisk  
  149  11:47  Zergling x12  
  147  11:54  Mutalisk x2  
  147  11:55  Extractor  
  147  11:59  Overseer  
  142  12:01  Zergling x2  
  142  12:02  Zergling x4  
  142  12:05  Zergling x4  
  142  12:06  Drone  
  148  12:08  Zergling x2  
  148  12:09  Zergling x10  
  148  12:11  Baneling x4  
  148  12:12  Zergling x2, Baneling x5  
  148  12:13  Zergling x6  
  158  12:17  Baneling x3  
  158  12:18  Baneling  
  158  12:19  Zergling x16  
  158  12:21  Zergling x6  
  169  12:25  Zergling x2  
  169  12:28  Baneling  
  169  12:29  Baneling x7  
  170  12:30  Zergling x8  
  170  12:33  Zergling x2  
  170  12:36  Baneling x6  
  175  12:37  Zergling x8  
  175  12:40  Baneling  
  175  12:41  Baneling x2  
  175  12:42  Zergling x2  
  175  12:43  Zergling x16  
  186  12:48  Mutalisk  
  168  12:51  Zergling x2  
  168  12:52  Zergling x10  
  146  13:00  Mutalisk x2  
  146  13:03  Zergling x8  
  151  13:07  Infestation Pit, Drone x2  
  151  13:08  Mutalisk, Extractor  
  151  13:11  Mutalisk  
  155  13:14  Zergling x34  
  155  13:16  Overseer  
  172  13:24  Baneling  
  172  13:25  Baneling x6  
  172  13:26  Drone  
  173  13:27  Drone x3  
  173  13:28  Extractor  
  173  13:31  Zergling x10  
  178  13:35  Baneling x8  
  178  13:39  Zergling x32  
  192  13:41  Overlord  
  192  13:45  Overlord  
  192  13:47  Zergling x6  
  195  13:52  Hive  
  186  13:55  Baneling  
  186  13:56  Baneling x6  
  186  14:04  Mutalisk x3  
  186  14:08  Mutalisk  
  194  14:13  Mutalisk  
  194  14:14  Zergling x2  
  194  14:16  Overlord  
  196  14:17  Zergling x2  
  196  14:20  Mutalisk  
  199  14:25  Drone x4  
  199  14:29  Mutalisk x2  
  199  14:30  Mutalisk  
  195  14:34  Zergling x2  
  195  14:36  Zergling x2  
  195  14:38  Zergling x2  
  194  14:42  Zergling x2  
  195  14:45  Zergling x2  
  195  14:46  Zergling x8  
  195  14:52  Zerg Flyer Armor Level 2  
  198  14:54  Zergling x2  
  198  14:55  Zergling x6  
  198  14:58  Zergling x6  
  200  15:01  Overlord  
  200  15:06  Baneling x23  
  200  15:14  Overseer  
  200  15:17  Overseer  
  200  15:21  Adrenal Glands  
  200  15:29  Ultralisk Cavern  
  200  15:31  Baneling x4  
  200  15:33  Zergling x2  
  197  15:36  Zergling x2  
  197  15:37  Zergling x6  
  197  15:41  Zergling x8  
  199  15:46  Baneling  
  199  15:47  Zergling x2, Baneling x14  
  199  15:48  Zergling x28  
  194  15:51  Zergling x18  
  180  15:59  Zergling x10  
  180  16:00  Zergling x18  
  190  16:05  Zergling x18  
  195  16:15  Chitinous Plating  
  195  16:16  Zerg Ground Armor Level 3  
  195  16:17  Zerg Melee Weapons Level 3  
  195  16:30  Ultralisk  
  188  16:39  Ultralisk  
  193  16:45  Ultralisk  
  199  16:49  Zergling x2  
  199  16:52  Overlord  
  200  16:55  Zergling x4  
  200  16:57  Zergling x2  
  200  17:00  Zergling x26  
  199  17:01  Baneling x5  
  199  17:02  Hatchery, Baneling x3  
  199  17:11  Drone x3  
  199  17:15  Zergling x4  
  198  17:17  Zergling x2  
  198  17:18  Zergling x2  
  198  17:19  Zergling x2  
  198  17:22  Zergling x2  
  196  17:30  Viper  
  196  17:31  Baneling x7  
  196  17:32  Baneling x18  
  196  17:33  Zergling x4  
  200  17:54  Zergling x2  
  200  17:55  Overseer x2, Overlord  
  200  17:56  Zergling x2  
  200  17:57  Overseer  
  200  17:58  Zergling x2  
  200  17:59  Baneling x17  
  200  18:22  Hatchery, Zerg Flyer Armor Level 3  
  199  18:29  Hatchery  
  197  18:44  Ultralisk  
  197  18:45  Ultralisk  
  158  18:50  Mutalisk x3  
  158  18:52  Zergling x36  
  172  19:00  Ultralisk  
  172  19:01  Zergling x24  
  189  19:07  Zergling x2  
  189  19:08  Zergling x8  
  184  19:10  Zergling x2  
  184  19:11  Zergling x2  
  184  19:15  Baneling x8  
  186  19:19  Zergling x2  
  186  19:20  Zergling x4  
  186  19:21  Zergling x2  
  186  19:22  Zergling x4  
  190  19:25  Zergling x2  
  190  19:29  Zergling x2  
  190  19:30  Zergling x2  
  190  19:31  Zergling x12  
  195  19:32  Overseer  
  195  19:35  Zergling x2  
  195  19:36  Zergling x2  
  195  19:38  Zergling x2  
  199  19:39  Zergling x2  
  187  19:47  Zergling x2  
  187  19:48  Zergling x4  
  187  19:49  Zergling x2  
  187  19:50  Zergling x6  
  187  19:51  Zergling x6  
  182  19:54  Zergling x2  
  182  19:56  Zergling x4  
  182  19:57  Zergling x2  
  175  20:00  Zergling x4  
  175  20:01  Zergling x2  
  175  20:03  Zergling x12  
  175  20:06  Zergling x2  
  172  20:08  Zergling x6  
  172  20:11  Zergling x2  
  172  20:12  Zergling x8  
  179  20:14  Zergling x4  
  179  20:16  Drone x2  
  179  20:17  Zergling x2  
  179  20:18  Zergling x2  
  185  20:21  Zergling x2  
  185  20:22  Baneling  
  185  20:25  Baneling x15  
  185  20:26  Overseer  
  185  20:29  Zergling x4  
  185  20:31  Overlord  
  185  20:33  Zergling x2  
  185  20:34  Zergling x2  
  189  20:36  Zergling x2  
  189  20:38  Zergling x2  
  189  20:39  Zergling x4  
  189  20:40  Zergling x2  
  194  20:46  Overlord  
  194  20:48  Zergling x2  
  194  20:49  Zergling x2  
  194  20:50  Zergling x2  
  194  20:52  Baneling x2  
  194  20:54  Zergling x2  
  194  20:55  Zergling x8  
  200  21:07  Greater Spire  
  188  21:24  Spore Crawler, Extractor x2  
  185  21:26  Spore Crawler, Corruptor x6  
  185  21:27  Corruptor  
  185  21:28  Overlord  
  185  21:32  Zergling x2  
  199  21:44  Hatchery  
  187  22:20  Brood Lord  
  187  22:21  Brood Lord x3  
  192  22:33  Brood Lord  
  194  22:37  Brood Lord  
  191  22:47  Mutalisk  
  191  22:51  Mutalisk  
  193  22:58  Mutalisk  
  195  23:07  Mutalisk  
  173  23:16  Mutalisk  
  170  23:20  Zergling x24  
  170  23:21  Zergling x2  
  181  23:28  Zergling x16  
  179  23:38  Zergling x2, Baneling x5  
  179  23:39  Zergling x40  
  200  23:42  Baneling x10  
  200  23:47  Extractor  
  197  23:50  Zergling x2  
  197  23:51  Zergling x4  
  197  23:55  Zergling x10  
  185  24:06  Ultralisk  
  185  24:07  Zergling x24  
  185  24:08  Zergling x16  
  189  24:10  Zergling x12  
  189  24:12  Baneling x9  
  194  24:19  Zergling x10  
  194  24:22  Zergling x2  
  198  24:27  Zergling x2  
  174  24:32  Ultralisk  
  174  24:33  Zergling x2  
  174  24:34  Zergling x10  
  174  24:38  Hatchery  
  168  24:46  Zergling x2  
  168  24:47  Zergling x12  
  168  24:48  Baneling x7  
  168  24:49  Zergling x10  
  168  24:50  Extractor  
  168  24:51  Baneling  
  168  24:52  Zergling x10  
  184  24:53  Zergling x2  
  184  24:56  Zergling x4  
  184  24:58  Baneling x2  
  184  24:59  Baneling  
  187  25:02  Zergling x6  
  187  25:03  Zergling x8  
  194  25:10  Zergling x6  
  193  25:23  Zergling x28  
Tags
 
Add a new tag
Caveats
  • Supply blocks, unpowered buildings, or Contaminate may cause inaccurate times.
  • Supply counts are checked every 10 seconds.